 Dungeon Crawl Stone Soup version 0.26-a0-639-g72c4674329 (webtiles) character file.

Game seed: 9553256543460041381

11165 Colgate the Covert (level 11, -7/83 HPs)
             Began as a Gnoll Enchanter on Sept 14, 2020.
             Was an Elder of Cheibriados.
             Engulfed by a cloud of freezing vapour (8 damage)
             ... in an ice cave on Sept 15, 2020.
             The game lasted 01:30:03 (10437 turns).

Colgate the Covert (Gnoll Enchanter)               Turns: 10437, Time: 01:30:04

Health: -7/83      AC: 12    Str: 20      XL:     11   Next: 73%
Magic:  19/23      EV: 20    Int: 29 (30) God:    Cheibriados [****..]
Gold:   723        SH:  4    Dex: 24      Spells: 13/26 levels left

rFire    + . .     SeeInvis .   a - +4 scimitar (flame)
rCold    + . .     Faith    .   (no shield)
rNeg     . . .     Spirit   .   D - +2 robe {rF+}
rPois    .         Reflect  .   U - +2 helmet
rElec    .         Harm     .   l - +1 cloak
rCorr    .         Rampage  .   v - +1 pair of gloves
MR       .....     Rnd*Tele +   (no boots)
Stlth    +++.......             (no amulet)
HPRegen  0.23/turn              O - ring "Sofuxips" {*Tele rC+}
MPRegen  0.18/turn              t - +4 ring of slaying

@: very slow
A: distributed training, fangs 1, large bone plates 1, deterioration 1,
screaming 1, strong nose
a: Bend Time, Temporal Distortion, Slouch, Renounce Religion


You were in an ice cave.
You worshipped Cheibriados.
Cheibriados was greatly pleased with you.
You visited 1 branch of the dungeon, and saw 11 of its levels.
You also visited: Ice Cave.

You collected 723 gold pieces.

Inventory:

Hand Weapons
 a - a +4 scimitar of flaming (weapon)
 b - a +2 vampiric dagger
 n - a +0 shortbow
 s - a +0 dire flail
 W - a +0 hunting sling
Missiles
 d - 192 stones (quivered)
 p - 42 bolts
 u - 27 poisoned darts
 E - 4 boomerangs
 I - 57 sling bullets
 M - 37 arrows
 Z - 5 boomerangs of dispersal
Armour
 l - a +1 cloak (worn)
 v - a +1 pair of gloves (worn)
 D - a +2 robe of fire resistance (worn)
 U - a +2 helmet (worn)
Jewellery
 k - a +4 ring of slaying
 q - an uncursed ring of protection from fire
 t - a +4 ring of slaying (right hand)
 w - an uncursed ring of wizardry
 F - an uncursed ring of protection from fire
 O - the ring "Sofuxips" (left hand) {*Tele rC+}
   (You found it on level 5 of the Dungeon)

   [ring of teleportation]

   It may teleport you next to monsters.
   It protects you from cold.
 P - an uncursed ring of stealth
Wands
 J - a wand of enslavement (10)
 R - a wand of paralysis (12)
 S - a wand of polymorph (21)
 T - a wand of iceblast (16)
Scrolls
 g - 4 scrolls of teleportation
 o - a scroll of remove curse
 B - a scroll of amnesia
 H - a scroll of magic mapping
 K - 2 scrolls of noise
Potions
 c - a potion of berserk rage
 h - 2 potions of lignification
 m - 3 potions of curing
 x - 2 potions of cancellation
 A - a potion of heal wounds {unknown}
 C - 2 potions of resistance
 V - a potion of stabbing {unknown}


   Skills:
 + Level 6.5 Fighting
 + Level 7.1 Short Blades
 + Level 6.5 Long Blades
 + Level 6.5 Axes
 + Level 6.5 Maces & Flails
 + Level 6.5 Polearms
 + Level 6.5 Staves
 + Level 6.5 Slings
 + Level 6.5 Bows
 + Level 6.5 Crossbows
 + Level 6.5 Throwing
 + Level 6.5 Armour
 + Level 8.1 Dodging
 + Level 9.0 Stealth
 + Level 6.5 Shields
 + Level 6.5 Unarmed Combat
 + Level 8.3 Spellcasting
 + Level 5.4 Conjurations
 + Level 7.8 Hexes
 + Level 5.4 Summonings
 + Level 5.4 Necromancy
 + Level 5.4 Translocations
 + Level 5.4 Transmutations
 + Level 5.4 Fire Magic
 + Level 5.4 Ice Magic
 + Level 5.4 Air Magic
 + Level 5.4 Earth Magic
 + Level 5.4 Poison Magic
 + Level 7.2 Invocations
 + Level 6.5 Evocations


You had 13 spell levels left.
You knew the following spells:

 Your Spells              Type           Power        Failure   Level
a - Blade Hands           Tmut           #####.....   13%         5
b - Ensorcelled Hibernat  Hex/Ice        ######       1%          2
c - Confusing Touch       Hex            ######..     1%          3
d - Dazzling Flash        Conj/Hex       ######       1%          3

Your spell library contained the following spells:

 Spells                   Type           Power        Failure   Level
 Corona                   Hex            ######.      1%          1
 Poisonous Vapours        Pois/Air       #####.       1%          2
 Conjure Flame            Conj/Fire      #####...     1%          3
 Mephitic Cloud           Conj/Pois/Air  #####...     1%          3
 Tukima's Dance           Hex            ######..     1%          3
 Freezing Cloud           Conj/Ice/Air   #####.....   58%         6
 Hydra Form               Tmut           #####.....   58%         6
 Starburst                Conj/Fire      #####.....   58%         6


Dungeon Overview and Level Annotations

Branches:
Dungeon (11/15)            Temple (0/1) D:7             Orc (0/2) D:9
  IceCv (1/1)
   Lair: D:8-11

Altars:
Cheibriados
Dithmenos
Kikubaaqudgha
Makhleb
Qazlal
Sif Muna
Trog
Yredelemnul

Shops:
D:5 (

Annotations:
D:7 2 transporters, kelmiir's ghost, novice GnWn


Innate Abilities, Weirdness & Mutations

Your experience applies equally to all skills.
You have very sharp teeth.
Your uncanny sense of smell can sniff out nearby items.
You are partially covered in large bone plates. (SH +4)
Your body sometimes deteriorates upon taking damage.
You occasionally shout uncontrollably at your foes.


Message History

Your unstable footing causes you to fumble your attack.
You are engulfed in freezing vapours.
You resist.
The white imp shouts!
The ice devil misses you.
The white imp is engulfed in freezing vapours.
You hit the ice devil. You burn the ice devil. You bite the ice devil.
The ice devil is lightly wounded.
You are engulfed in freezing vapours.
You resist.
* * * LOW HITPOINT WARNING * * *
The ice devil hits you but does no damage.
The ice devil hits you!
* * * LOW HITPOINT WARNING * * *
The ice devil freezes you! You resist.
* * * LOW HITPOINT WARNING * * *
The white imp is engulfed in freezing vapours.
You block the ice devil's attack.
You slash the ice devil! You burn the ice devil.
The ice devil is heavily wounded.
You are engulfed in freezing vapours.
You resist.
You die...

##§§☼......###..........#
#§§°....### ##..##....##
#.°○...## ######..##
#§§.....# #### ##.....##
##....# ##### ##..##
##☼§§## ##...# #○§§§§##
#...## #§§5@4§# ##..#
#§§°44§§# #...# #§§##.§§#
#..## #§§ #..## #..# #.
##.# ∆ ...# # ○# #...# ○§
##..# .§ #.##


You could see 3 ice devils and a white imp.

Vanquished Creatures
  Gastronok (D:8)
  Harold (D:8)
  A two-headed ogre (D:10)
  Erica (D:8)
  An ugly thing (D:11)
  A wolf spider (D:11)
  2 ice statues (IceCv)
  Prince Ribbit (D:9)
  A hornet (D:10)
  4 yaks
  A human (D:9)
  A porcupine (D:10)
  2 water moccasins
  7 orc warriors
  3 ice beasts
  An eye of draining (D:11)
  4 ogres
  3 sky beasts
  4 phantoms
  A centaur (D:5)
  2 bullfrogs
  A big kobold (D:8)
  6 scorpions
  6 killer bees (D:11)
  3 howler monkeys (D:4)
  A bullfrog zombie (D:6)
  4 hounds
  A jelly (D:8)
  7 orc priests
  A centaur skeleton (D:7)
  6 worker ants
  An iguana (D:4)
  10 orc wizards
  A hound zombie (D:6)
  8 adders
  20 white imps
  5 ufetubi
  An ooze (D:3)
  An adder skeleton (D:6)
  2 dart slugs
  13 leopard geckos
  32 orcs
  13 giant cockroaches
  7 goblins
  5 hobgoblins
  14 jackals
  6 quokkas
  5 ball pythons
  14 bats
  8 frilled lizards
  2 giant cockroach zombies
  A jackal zombie (D:5)
  12 kobolds
  A quokka skeleton (D:6)
  7 rats
268 creatures vanquished.

Vanquished Creatures (collateral kills)
  3 yaks (D:9)
  3 orcs (D:9)
6 creatures vanquished.

Vanquished Creatures (others)
  A reaper (IceCv)
  A yak (D:9)
  A hound (D:9)
  A white imp (IceCv)
  4 ufetubi (IceCv)
  3 kobolds (D:8)
  52 fungi (D:10)
  49 plants (D:10)
112 creatures vanquished.

Grand Total: 386 creatures vanquished

Notes
Turn   | Place    | Note
-------+----------+-------------------------------------------
     0 | D:1      | Colgate the Gnoll Enchanter began the quest for the Orb.
     0 | D:1      | Reached XP level 1. HP: 13/13 MP: 6/6
    45 | D:1      | Reached XP level 2. HP: 5/19 MP: 4/7
    49 | D:1      | Learned a level 2 spell: Ensorcelled Hibernation
   678 | D:1      | Reached XP level 3. HP: 25/25 MP: 6/9
   680 | D:1      | Reached skill level 5 in Spellcasting
   817 | D:1      | Reached skill level 6 in Stealth
  1292 | D:2      | Reached skill level 1 in Invocations
  1302 | D:2      | Learned a level 3 spell: Confusing Touch
  1361 | D:2      | Reached skill level 1 in Fighting
  1361 | D:2      | Reached skill level 1 in Long Blades
  1361 | D:2      | Reached skill level 1 in Axes
  1361 | D:2      | Reached skill level 1 in Maces & Flails
  1361 | D:2      | Reached skill level 1 in Polearms
  1361 | D:2      | Reached skill level 1 in Staves
  1361 | D:2      | Reached skill level 1 in Slings
  1361 | D:2      | Reached skill level 1 in Bows
  1361 | D:2      | Reached skill level 1 in Crossbows
  1361 | D:2      | Reached skill level 1 in Throwing
  1361 | D:2      | Reached skill level 1 in Armour
  1361 | D:2      | Reached skill level 1 in Shields
  1361 | D:2      | Reached skill level 1 in Unarmed Combat
  1361 | D:2      | Reached skill level 1 in Evocations
  1649 | D:2      | Reached XP level 4. HP: 32/32 MP: 8/11
  2542 | D:3      | Reached skill level 1 in Conjurations
  2542 | D:3      | Reached skill level 1 in Summonings
  2542 | D:3      | Reached skill level 1 in Necromancy
  2542 | D:3      | Reached skill level 1 in Translocations
  2542 | D:3      | Reached skill level 1 in Transmutations
  2542 | D:3      | Reached skill level 1 in Fire Magic
  2542 | D:3      | Reached skill level 1 in Ice Magic
  2542 | D:3      | Reached skill level 1 in Air Magic
  2542 | D:3      | Reached skill level 1 in Earth Magic
  2542 | D:3      | Reached skill level 1 in Poison Magic
  2908 | D:3      | Reached XP level 5. HP: 35/37 MP: 1/12
  3616 | D:4      | Found a stormy altar of Qazlal.
  3616 | D:4      | Found a shimmering blue altar of Sif Muna.
  3627 | D:4      | Reached XP level 6. HP: 39/44 MP: 8/13
  3629 | D:4      | Found a snail-covered altar of Cheibriados.
  3632 | D:4      | Found an ancient bone altar of Kikubaaqudgha.
  3632 | D:4      | Found a basalt altar of Yredelemnul.
  3638 | D:4      | Became a worshipper of Cheibriados the Contemplative
  3822 | D:4      | Reached skill level 5 in Dodging
  3829 | D:4      | Learned a level 3 spell: Dazzling Flash
  4235 | D:4      | Reached * piety under Cheibriados
  4395 | D:5      | Entered Level 5 of the Dungeon
  4407 | D:5      | Reached XP level 7. HP: 50/50 MP: 2/15
  4918 | D:5      | Found Qouvep's Weapon Emporium.
  5008 | D:5      | Got a coiled lead ring
  5010 | D:5      | Identified the ring "Sofuxips" {*Tele rC+} (You found it on
                  | level 5 of the Dungeon)
  5622 | D:5      | Reached XP level 8. HP: 50/57 MP: 10/16
  5770 | D:6      | Reached ** piety under Cheibriados
  6151 | D:6      | Found a burning altar of Makhleb.
  6499 | D:7      | Found a staircase to the Ecumenical Temple.
  6507 | D:7      | Reached skill level 7 in Stealth
  6582 | D:7      | Reached *** piety under Cheibriados
  6701 | D:7      | Found a transporter.
  6702 | D:7      | Noticed kelmiir's ghost (novice GnWn)
  6828 | D:7      | Reached XP level 9. HP: 65/65 MP: 14/18
  6903 | D:7      | Identified the +5 dire flail of Tuehoaf {flame, rPois rF+}
  6910 | D:7      | Found a transporter.
  7127 | D:7      | Found a shimmering blue altar of Sif Muna.
  7779 | D:8      | Reached skill level 5 in Short Blades
  7866 | D:8      | Reached **** piety under Cheibriados
  7925 | D:8      | Noticed Erica
  7944 | D:8      | Noticed Gastronok
  8273 | D:8      | Noticed Harold
  8290 | D:8      | Killed Harold
  8290 | D:8      | Reached skill level 5 in Invocations
  8290 | D:8      | Reached XP level 10. HP: 52/73 MP: 11/20
  8443 | D:8      | Killed Gastronok
  8443 | D:8      | Reached skill level 5 in Fighting
  8443 | D:8      | Reached skill level 5 in Long Blades
  8443 | D:8      | Reached skill level 5 in Axes
  8443 | D:8      | Reached skill level 5 in Maces & Flails
  8443 | D:8      | Reached skill level 5 in Polearms
  8443 | D:8      | Reached skill level 5 in Staves
  8443 | D:8      | Reached skill level 5 in Slings
  8443 | D:8      | Reached skill level 5 in Bows
  8443 | D:8      | Reached skill level 5 in Crossbows
  8443 | D:8      | Reached skill level 5 in Throwing
  8443 | D:8      | Reached skill level 5 in Armour
  8443 | D:8      | Reached skill level 8 in Stealth
  8443 | D:8      | Reached skill level 5 in Shields
  8443 | D:8      | Reached skill level 5 in Unarmed Combat
  8443 | D:8      | Reached skill level 5 in Evocations
  8674 | D:8      | Killed Erica
  8889 | D:8      | Found a shadowy altar of Dithmenos.
  9166 | D:9      | Noticed Prince Ribbit
  9167 | D:9      | Reached XP level 11. HP: 81/81 MP: 1/22
  9186 | D:9      | Reached ***** piety under Cheibriados
  9208 | D:9      | Killed Prince Ribbit
  9208 | D:9      | Reached skill level 5 in Conjurations
  9208 | D:9      | Reached skill level 5 in Summonings
  9208 | D:9      | Reached skill level 5 in Necromancy
  9208 | D:9      | Reached skill level 5 in Translocations
  9208 | D:9      | Reached skill level 5 in Transmutations
  9208 | D:9      | Reached skill level 5 in Fire Magic
  9208 | D:9      | Reached skill level 5 in Ice Magic
  9208 | D:9      | Reached skill level 5 in Air Magic
  9208 | D:9      | Reached skill level 5 in Earth Magic
  9208 | D:9      | Reached skill level 5 in Poison Magic
  9363 | D:9      | Found a staircase to the Orcish Mines.
  9603 | D:9      | Identified Liudithre's Grimoire of Fiery Transmutation
  9618 | D:9      | Upgraded the game from 0.26-a0-638-gcca6ad1b57 to
                  | 0.26-a0-639-g72c4674329
  9630 | D:9      | Learned a level 5 spell: Blade Hands
  9667 | D:10     | Entered Level 10 of the Dungeon
  9667 | D:10     | Found a portal to a secret trove of treasure.
  9736 | D:10     | Found a bloodstained altar of Trog.
  9744 | D:10     | Gained mutation: Your magical capacity is low. (-10% MP)
                  | [potion of mutation]
  9744 | D:10     | Gained mutation: You are dopey. (Int -2) [potion of
                  | mutation]
  9744 | D:10     | Gained mutation: Your natural rate of healing is unusually
                  | fast. [potion of mutation]
  9744 | D:10     | Gained mutation: Your muscles are strong. (Str +2) [potion
                  | of mutation]
  9745 | D:10     | Lost mutation: Your magical capacity is low. (-10% MP)
                  | [potion of mutation]
  9745 | D:10     | Lost mutation: Your muscles are strong. (Str +2) [potion of
                  | mutation]
  9745 | D:10     | Lost mutation: You are dopey. (Int -2) [potion of mutation]
  9745 | D:10     | Lost mutation: Your natural rate of healing is unusually
                  | fast. [potion of mutation]
  9745 | D:10     | Gained mutation: Your body sometimes deteriorates upon
                  | taking damage. [potion of mutation]
  9745 | D:10     | Gained mutation: You occasionally shout uncontrollably at
                  | your foes. [potion of mutation]
  9745 | D:10     | Gained mutation: You are partially covered in large bone
                  | plates. (SH +4) [potion of mutation]
  9995 | D:10     | Noticed a two-headed ogre
 10003 | D:10     | Killed a two-headed ogre
 10004 | D:10     | You fall into a shaft and drop 1 floor!
 10031 | D:11     | Noticed a green ugly thing
 10036 | D:11     | Killed a green ugly thing
 10076 | D:11     | Found a frozen archway.
 10078 | D:11     | Noticed a wolf spider
 10085 | D:11     | Killed a wolf spider
 10145 | IceCv    | Entered an ice cave
 10277 | IceCv    | Reached skill level 9 in Stealth
 10291 | IceCv    | HP: 1/83 [something (6)]
 10293 | IceCv    | Killed a reaper
 10436 | IceCv    | HP: 1/83 [ice devil (11)]
 10437 | IceCv    | Engulfed by a cloud of freezing vapour

Illustrated notes

Levels and vault maps discovered:
D:1:      dpeg_arrival_stone_temple_mockup, layout_loops_cross,
          minmay_box_of_dots
D:2:      layout_basic, serial_corexii_hall, chequers_hall_statues_corner_a,
          chequers_hall_statues_corner_a, corexii_hall_statues_u,
          corexii_hall_statues_t
D:3:      layout_basic, minivault_24, minmay_starry_boxes
D:4:      layout_rooms, grunt_temple_overflow_open, kennysheep_generic_room_6
D:5:      layout_basic, serial_shops, shop
D:6:      layout_cave_pools, makhleb_heckhound_becter
D:7:      layout_loops_ring, minmay_temple_entry_butterflies, basic_altar,
          gammafunk_ghost_smash
D:8:      layout_basic, grunt_dithmenos_shadows, uniq_harold, uniq_gastronok,
          uniq_erica
D:9:      layout_loops_ring, erik_orc_4, uniq_prince_ribbit1
D:10:     layout_roguey, due_lair_maze_entry_diamond, enter_trove_2,
          bloody_trog, uniq_snorg
D:11:     layout_stronghold, portal_ice_cave_entry_imps
IceCv:    ice_cave_small_demon

Skill      XL: |  1  2  3  4  5  6  7  8  9 10 11 |
---------------+----------------------------------+-----
Spellcasting   | 5 6 7 8 |  8.3
Stealth        | 6 7 8 9 |  9.0
Invocations    | 1 2 3 4 5 6 7 |  7.2
Fighting       | 1 2 3 4 5 6 |  6.5
Long Blades    | 1 2 3 4 5 6 |  6.5
Axes           | 1 2 3 4 5 6 |  6.5
Maces & Flails | 1 2 3 4 5 6 |  6.5
Polearms       | 1 2 3 4 5 6 |  6.5
Staves         | 1 2 3 4 5 6 |  6.5
Slings         | 1 2 3 4 5 6 |  6.5
Bows           | 1 2 3 4 5 6 |  6.5
Crossbows      | 1 2 3 4 5 6 |  6.5
Throwing       | 1 2 3 4 5 6 |  6.5
Armour         | 1 2 3 4 5 6 |  6.5
Shields        | 1 2 3 4 5 6 |  6.5
Unarmed Combat | 1 2 3 4 5 6 |  6.5
Evocations     | 1 2 3 4 5 6 |  6.5
Conjurations   | 1 2 3 4 5 |  5.4
Summonings     | 1 2 3 4 5 |  5.4
Necromancy     | 1 2 3 4 5 |  5.4
Translocations | 1 2 3 4 5 |  5.4
Transmutations | 1 2 3 4 5 |  5.4
Fire Magic     | 1 2 3 4 5 |  5.4
Ice Magic      | 1 2 3 4 5 |  5.4
Air Magic      | 1 2 3 4 5 |  5.4
Earth Magic    | 1 2 3 4 5 |  5.4
Poison Magic   | 1 2 3 4 5 |  5.4
Short Blades   | 3 4 5 6 7 |  7.1
Dodging        | 5 6 7 8 |  8.1
Hexes          | 6 7 |  7.8

Action                   |  1- 3 |  4- 6 |  7- 9 | 10-12 || total
-------------------------+-------+-------+-------+-------++-------
Melee: Dagger            |    66 |    76 |   137 |   124 ||   403
       Bite              |     3 |     2 |    14 |    31 ||    50
       Punch             |       |       |     3 |     9 ||    12
       Scimitar          |       |       |       |    21 ||    21
       Unarmed           |       |       |       |    21 ||    21
 Fire: Shortbow          |       |       |     3 |       ||     3
       Hunting sling     |       |       |       |     1 ||     1
Throw: Stone             |     1 |       |       |       ||     1
 Cast: Corona            |     4 |       |       |       ||     4
       Ensorcelled Hiber |    26 |    61 |    74 |    52 ||   213
       Confusing Touch   |       |     2 |    13 |     4 ||    19
       Dazzling Flash    |       |       |     6 |     8 ||    14
       Blade Hands       |       |       |       |     2 ||     2
Invok: Slouch            |       |       |       |     4 ||     4
       Temporal Distorti |       |       |       |     1 ||     1
Evoke: Wand              |       |       |       |     8 ||     8
  Use: Scroll            |       |     1 |    13 |     8 ||    22
       Potion            |       |       |     1 |     3 ||     4
 Stab: Sleeping          |    31 |    44 |    56 |    28 ||   159
       Distracted        |     1 |       |     2 |       ||     3
       Confused          |       |       |     8 |     3 ||    11
       Invisible         |       |       |     4 |     9 ||    13
Armor: Robe              |     7 |    11 |    18 |    37 ||    73
Dodge: Dodged            |    42 |    57 |    81 |   134 ||   314
Block: Other             |       |       |       |    11 ||    11
       Rpst.: Scimitar   |       |       |       |     8 ||     8

Table legend: (Time is in decaauts)
 A = Elapsed time spent in this place.
 B = Non-inter-level travel time spent in this place.
 C = Inter-level travel time spent in this place.
 D = Time resting spent in this place.
 E = Time spent auto-exploring this place.
 F = Levels seen in this place.
 G = Mean time per level.
                   A        B        C        D        E       F      G
               +--------+--------+--------+--------+--------+-----+--------+
         Total |  12369 |  11244 |   1125 |    461 |   8741 |  12 | 1030.8 |
       Dungeon |  12046 |  10921 |   1125 |    461 |   8525 |  11 | 1095.1 |
      Ice Cave |    323 |    323 |      0 |      0 |    216 |   1 |  323.0 |
               +--------+--------+--------+--------+--------+-----+--------+

Top non-repeatable levels by time:
     D:7: 1911 daAuts
     D:5: 1459 daAuts
     D:8: 1400 daAuts
     D:3: 1260 daAuts
     D:1: 1244 daAuts
     D:9: 1060 daAuts
     D:2: 1059 daAuts
     D:6: 1042 daAuts
     D:4: 941 daAuts
    D:10: 439 daAuts
   IceCv: 323 daAuts
    D:11: 225 daAuts
